 Dungeon Crawl Stone Soup version 0.20.1-1-g8b1a95d (webtiles) character file.

5301 vatarom the Cleaver (level 10, -3/135 HPs)
             Began as a Hill Orc Fighter on Sept 20, 2017.
             Was a Follower of Beogh.
             Slain by Erolcha
             ... wielding a +0 giant spiked club
              (13 damage)
             ... on level 8 of the Dungeon.
             The game lasted 00:16:52 (9437 turns).

vatarom the Cleaver (Hill Orc Fighter)              Turns: 9437, Time: 00:16:53

Health: -3/135     AC: 25    Str: 20    XL:     10   Next: 63%
Magic:  13/13      EV:  2    Int:  8    God:    Beogh [*.....]
Gold:   702        SH: 11    Dex: 15    Spells: 9/9 levels left

rFire    . . .     SeeInvis +   a - +1 war axe (chop)
rCold    . . .     Gourm    .   c - +0 shield
rNeg     + + +     Faith    .   (armour currently unavailable)
rPois    +         Spirit   .   (helmet currently unavailable)
rElec    .         Reflect  .   (cloak currently unavailable)
rCorr    .         Harm     .   (gloves currently unavailable)
MR       .....     NoTele   +   (boots currently unavailable)
Stlth    +.........             (no amulet)
Regen    0.4/turn               n - +2 ring of dexterity
MPRegen  0.2/turn               A - ring of see invisible

@: tree-form (expiring), slowed, very slow
A: no striking features
a: Renounce Religion


You were on level 8 of the Dungeon.
You worshipped Beogh.
Beogh was aware of your devotion.
You were full.
You were a tree.
You visited 2 branches of the dungeon, and saw 10 of its levels.

You collected 702 gold pieces.

Inventory:

Hand Weapons
 a - a +1 war axe of chopping (weapon)
Missiles
 f - 6 poisoned tomahawks (quivered)
Armour
 b - a +1 scale mail (melded)
 c - a +0 shield (worn)
 l - a +0 helmet (melded)
 C - a +1 cloak (melded)
Jewellery
 n - a +2 ring of dexterity (left branch)
 A - a ring of see invisible (right branch)
 D - an uncursed ring of protection from magic
Wands
 p - a wand of enslavement (12/24)
 s - a wand of acid (0/15)
 t - a wand of acid (6/15)
 u - a wand of polymorph (11/24)
 w - a wand of confusion (28/48)
 x - a wand of polymorph (5/24)
 F - a wand of flame (27/48)
Scrolls
 e - 2 scrolls of teleportation
 i - 5 scrolls of identify
 r - a scroll of remove curse
 y - 3 scrolls of fog
 B - a scroll of fear
Potions
 g - 2 potions of magic
 m - a potion of resistance
 q - 2 potions of flight
 v - a potion of brilliance
Books
 d - a book of Dreams

   Spells                             Type                      Level
   a - Ensorcelled Hibernation        Hexes/Ice                    2
   b - Silence                        Hexes/Air                    5
   c - Darkness                       Hexes                        6
   d - Shadow Creatures               Summoning                    6
Comestibles
 h - 3 meat rations
 j - 5 royal jellies
 k - 2 fruits
 o - 6 bread rations


   Skills:
 + Level 8.6 Fighting
 * Level 12.4 Axes
 + Level 8.1 Armour
 + Level 8.1 Shields
 + Level 4.8 Invocations


You had 9 spell levels left.
You didn't know any spells.

Dungeon Overview and Level Annotations

Branches:
Dungeon (9/15)             Temple (1/1) D:4
   Lair: D:8-11         Orc: D:9-12

Altars:
Ashenzari
Cheibriados
Dithmenos
Elyvilon
Fedhas
Gozag
Hepliaklqana
Kikubaaqudgha
Makhleb
Nemelex Xobeh
Okawaru
Qazlal
Ru
Trog
Vehumet
Xom
Yredelemnul
Zin

Shops:
D:8 [

Annotations:
D:8 Erolcha


Message History

Erolcha gestures at you while chanting.
You feel as though you will be slow longer.
You block Erolcha's attack.
Unknown command.
Evoke which item? (* to show all) (? for menu, Esc to quit)
Okay, then.
As you read the scroll of identify, it crumbles to dust.
t - a wand of acid (7/15) Erolcha hits you with a giant spiked club!!
* * * LOW HITPOINT WARNING * * *
Evoke which item? (* to show all) (? for menu, Esc to quit)
Aiming: Corrosive Bolt
Press: ? - help, Shift-Dir - straight line, f/p - Erolcha
Aim: Erolcha, wielding a giant spiked club and wearing a robe (severely wounded, fast, covered in acid)
The bolt of acid hits Erolcha.
Erolcha is splashed with acid.
The acid corrodes Erolcha!
Erolcha is almost dead.
This wand has 6 charges left.
Erolcha is no longer moving quickly.
Erolcha hits you with a giant spiked club!
You die...

..#########.........(...####.....
..# #.####........#..†..... ..#
#(#...........#..)..... ..#
#.....#.#'#####.....### ..#
###.#.#.#.# #.....#
#############.###...#####.....#
).......).((..(...............#
####......###(####..#####.....#
.###.####.# #.#.♣O(.....#.....###
.....# #.# #.#.###...#.###.#...#
.##..####.# #...<..>)...##......#
.#......#.################.∩....#
.#......#.......................'
.##########################.....#
..................)# #####.#...#
.................#.# #.....#...#
...#############.#.# #.#####...#


You could see Erolcha.

Vanquished Creatures
  A two-headed ogre (D:8)
  Prince Ribbit (D:7)
  Grinder (D:5)
  2 hippogriffs (D:8)
  Sigmund (D:2)
  A spriggan (D:7)
  Eustachio (D:6)
  A hungry ghost (D:8)
  A water moccasin (D:6)
  Duvessa (D:5)
  2 ice beasts
  A sky beast (D:8)
  2 black bears
  An eye of draining (D:8)
  2 centaurs
  5 ogres
  A crocodile (D:7)
  A big kobold (D:8)
  2 bullfrogs
  Dowan (D:5)
  3 scorpions
  4 wights (D:7)
  A howler monkey (D:6)
  4 crimson imps
  A quasit (D:3)
  A bullfrog zombie (D:8)
  2 hounds
  3 jellies
  A bullfrog skeleton (D:4)
  11 worker ants
  4 iguanas
  7 orc wizards
  2 hound skeletons
  Robin (D:3)
  4 gnolls (D:5)
  12 adders
  2 shadow imps
  An ooze (D:3)
  4 worms
  A dart slug (D:2)
  6 leopard geckos
  13 orcs
  10 giant cockroaches
  14 goblins
  7 hobgoblins
  19 jackals
  8 quokkas
  A ball python (D:2)
  9 bats
  2 frilled lizards
  17 kobolds
  A quokka zombie (D:5)
  12 rats
  A plant (D:1)
218 creatures vanquished.

Vanquished Creatures (others)
  An orc priest (D:7)
  An orc wizard (D:3)
  An orc (D:7)
3 creatures vanquished.

Grand Total: 221 creatures vanquished

Notes
Turn   | Place    | Note
-------+----------+-------------------------------------------
     0 | D:1      | vatarom the Hill Orc Fighter began the quest for the Orb.
     0 | D:1      | Reached XP level 1. HP: 19/19 MP: 1/1
    92 | D:1      | Reached skill level 3 in Axes
   244 | D:1      | Reached XP level 2. HP: 25/27 MP: 2/2
   604 | D:1      | Reached XP level 3. HP: 28/33 MP: 3/3
   948 | D:1      | Found a shimmering altar of Xom.
  1240 | D:2      | Found a shattered altar of Ashenzari.
  1275 | D:2      | Noticed Sigmund
  1290 | D:2      | Killed Sigmund
  1290 | D:2      | Reached skill level 5 in Axes
  1290 | D:2      | Reached XP level 4. HP: 31/41 MP: 4/4
  1290 | D:2      | Reached XP level 5. HP: 36/47 MP: 5/5
  1380 | D:2      | Reached XP level 6. HP: 51/53 MP: 6/6
  1946 | D:3      | Found an iron altar of Okawaru.
  1949 | D:3      | Found a transporter.
  1970 | D:3      | Found a transporter.
  2104 | D:3      | Got a warped spear
  2105 | D:3      | Identified the +8 spear of Uskayaw's Approval {antimagic, Fragile +Inv Str+8 Stlth+} (You found it on level 3 of the Dungeon)
  2426 | D:3      | Noticed Robin
  2836 | D:3      | Reached skill level 6 in Axes
  2895 | D:3      | Killed Robin
  2941 | D:4      | Reached skill level 5 in Fighting
  2949 | D:4      | Reached XP level 7. HP: 41/61 MP: 7/7
  3093 | D:4      | Reached skill level 5 in Armour
  3290 | D:4      | Reached skill level 5 in Shields
  3416 | D:4      | Found a staircase to the Ecumenical Temple.
  3441 | Temple   | Entered the Ecumenical Temple
  3569 | D:4      | Found a white marble altar of Elyvilon.
  3584 | D:4      | HP: 1/61 [ogre/giant spiked club (16)]
  3916 | D:4      | Reached skill level 7 in Axes
  4194 | D:4      | Reached XP level 8. HP: 60/70 MP: 8/8
  4209 | D:5      | Entered Level 5 of the Dungeon
  4297 | D:5      | Noticed Duvessa
  4300 | D:5      | Noticed Dowan
  4314 | D:5      | Killed Dowan
  4317 | D:5      | Killed Duvessa
  4317 | D:5      | Reached skill level 8 in Axes
  4386 | D:5      | Noticed Grinder
  4397 | D:5      | Killed Grinder
  4493 | D:5      | Found a radiant altar of Vehumet.
  5091 | D:5      | Reached skill level 9 in Axes
  5349 | D:6      | Found a sacrificial altar of Ru.
  5352 | D:6      | Reached XP level 9. HP: 61/78 MP: 9/9
  5383 | D:6      | Noticed Eustachio
  5417 | D:6      | Killed Eustachio
  5953 | D:6      | Found a snail-covered altar of Cheibriados.
  6042 | D:6      | Reached skill level 10 in Axes
  6295 | D:6      | Found a sparkling altar of Nemelex Xobeh.
  6565 | D:7      | Became a worshipper of Beogh the Brigand
  6942 | D:7      | Reached skill level 1 in Invocations
  7201 | D:7      | Noticed Prince Ribbit
  7280 | D:7      | Killed Prince Ribbit
  7737 | D:7      | Reached skill level 11 in Axes
  7897 | D:8      | Reached XP level 10. HP: 88/88 MP: 1/12
  7986 | D:8      | Found a sacrificial altar of Ru.
  8224 | D:8      | Reached * piety under Beogh
  8235 | D:8      | Found Erihagy's Armour Shoppe.
  8235 | D:8      | Noticed a two-headed ogre
  8251 | D:8      | Killed a two-headed ogre
  8620 | D:8      | Reached skill level 12 in Axes
  8937 | D:8      | Found a blossoming altar of Fedhas.
  9352 | D:9      | Noticed Erolcha
  9437 | D:8      | Slain by Erolcha

Skill      XL: |  1  2  3  4  5  6  7  8  9 10 |
---------------+-------------------------------+-----
Axes           | 3 5 6 7 9 11 12 | 12.4
Fighting       | 4 5 6 7 8 |  8.6
Armour         | 4 5 6 7 8 |  8.1
Shields        | 4 5 6 7 8 |  8.1
Invocations    | 3 4 |  4.8

Action                   |  1- 3 |  4- 6 |  7- 9 | 10-12 || total
-------------------------+-------+-------+-------+-------++-------
Melee: War axe           |   202 |   183 |   422 |   117 ||   924
       Spear             |       |     4 |       |       ||     4
Throw: Tomahawk          |       |       |       |     1 ||     1
Invok: Convert to Beogh  |       |       |     1 |       ||     1
Evoke: Wand              |       |       |       |     5 ||     5
  Use: Scroll            |     2 |     3 |     7 |     5 ||    17
       Potion            |       |     6 |     9 |     5 ||    20
 Stab: Sleeping          |       |       |     1 |       ||     1
  Eat: Bread ration      |     1 |     1 |     2 |       ||     4
       Chunk             |       |     2 |     5 |     9 ||    16
       Meat ration       |       |       |       |     1 ||     1
Armor: Scale mail        |   111 |   177 |   147 |    31 ||   466
       Skin              |       |       |       |     3 ||     3
Dodge: Dodged            |    62 |   101 |    93 |    41 ||   297
Block: Shield            |   121 |   152 |   198 |    69 ||   540
